 Dungeon Crawl Stone Soup version 0.18-a0-1542-g9c1a92e (webtiles) character file.

171 Kilingo the Covered (level 5, -1/33 HPs)
             Began as a Gargoyle Fighter on Mar 11, 2016.
             Killed from afar by Blork the orc (8 damage)
             ... with a magic dart
             ... on level 3 of the Dungeon.
             The game lasted 00:22:29 (2448 turns).

Kilingo the Covered (Gargoyle Fighter)              Turns: 2448, Time: 00:22:29

Health: -1/33      AC: 11    Str: 20    XL:     5   Next: 51%
Magic:  5/5        EV:  8    Int:  8    God:
Gold:   181        SH:  9    Dex: 10    Spells: 0 memorised, 4 levels left

rFire  + . .     SeeInvis .     a - +1 flail
rCold  x . .     Gourm    .     b - +0 scale mail
rNeg   + . .     Faith    .     c - +0 shield
rPois  ∞         Spirit   .     (no helmet)
rElec  +         Dismiss  .     (no cloak)
rCorr  .         Reflect  .     (no gloves)
SustAt .         Harm     .     (no boots)
MR     +....                    (no amulet)
Stlth  ..........               j - ring of fire
                                o - ring of protection from magic

@: very slightly contaminated, somewhat resistant to hostile enchantments,
extremely unstealthy
A: negative energy resistance 1, electricity resistance, unbreathing,
petrification resistance, rot immunity, AC +4
a: no special abilities


You were on level 3 of the Dungeon.
You were not hungry.

You visited 1 branch of the dungeon, and saw 4 of its levels.

You collected 181 gold pieces.

Inventory:

Hand Weapons
 a - a +1 flail (weapon)
Armour
 b - a +0 scale mail (worn)
 c - a +0 shield (worn)
Jewellery
 j - a ring of fire (right hand)
 o - a ring of protection from magic (left hand)
Scrolls
 d - 2 scrolls of immolation
 e - a scroll of enchant armour {unknown}
 k - a scroll of teleportation
 p - 2 scrolls of remove curse {unknown}
Potions
 l - a potion of curing
 q - a potion of haste {unknown}
 r - a potion of berserk rage {unknown}
Comestibles
 f - a slice of pizza
 g - a royal jelly
 h - a meat ration
 i - 3 chunks of flesh
 n - a bread ration


   Skills:
 + Level 4.1 Fighting
 + Level 2.5 Maces & Flails
 + Level 4.2 Armour
 + Level 1.9 Dodging
 + Level 0.2 Stealth
 + Level 4.2 Shields


You had 4 spell levels left.
You didn't know any spells.

Dungeon Overview and Level Annotations

Branches:
Dungeon (4/15)
 Temple: D:4-7

Altars:
Ru

Annotations:
D:4 Blork the orc; bl4d3's ghost, amateur GrFi


Innate Abilities, Weirdness & Mutations

You are resistant to torment.
Your stone body is resilient (AC +4).
You are immune to poison.
You resist negative energy.
You are resistant to electric shocks.
You can survive without breathing.
You are immune to petrification.
You are immune to rotting.


Message History

A puff of flame appears from out of thin air!
The puff of flame hits you! Something completely misses you.
There is a stone staircase leading up here.
You block something's attack.
You climb upwards.
There is a stone staircase leading down here.
You hear some strange, mumbled words.
A puff of flame appears from out of thin air!
The puff of flame hits you! You resist.
* * * LOW HITPOINT WARNING * * *
You hear some strange, mumbled words.
A puff of frost appears from out of thin air!
You block the puff of frost. Something hits you but does no damage.
A magic dart appears from out of thin air!
The magic dart hits you!
A magic dart appears from out of thin air!
The magic dart hits you!
You die...

..#....#.## #....<#####.####
.......#.# #...### #...=#
....####.### #...# ####.###
###÷...#...#####..<# #....
###.##..##.##......# ##...
....###.....#.##...# ##..
......####....###### #####..
#.....#.........### ###......
#.......#######.@.#
###...###.. ......### #.#.##
#...### ### ......#
#...{####.### #.....##
##...........## ####...##
##.......>.....## .....#..#
#...............# ####.##.#
#...............#
...#.##.#####...............#
...#.##.....................#


There were no monsters in sight!

Vanquished Creatures
  An orc priest (D:3)
  3 gnolls
  4 adders
  2 oozes
  2 giant geckos
  5 orcs
  2 bats (D:1)
  5 giant cockroaches
  7 hobgoblins
  7 jackals
  6 kobolds
  2 quokkas
  A ball python (D:2)
  4 goblins
  10 rats
61 creatures vanquished.

Notes
Turn   | Place    | Note
--------------------------------------------------------------
     0 | D:1      | Kilingo the Gargoyle Fighter began the quest for the Orb.
     0 | D:1      | Reached XP level 1. HP: 14/14 MP: 1/1
   206 | D:1      | Reached XP level 2. HP: 17/19 MP: 2/2
   544 | D:1      | Reached XP level 3. HP: 15/23 MP: 3/3
   929 | D:1      | Reached skill level 1 in Dodging
   949 | D:2      | Reached XP level 4. HP: 10/29 MP: 4/4
  1568 | D:3      | Found a faded altar to an unknown god.
  1721 | D:3      | Found a sacrificial altar of Ru.
  1745 | D:3      | Reached XP level 5. HP: 33/33 MP: 5/5
  2009 | D:4      | Noticed bl4d3's ghost (amateur GrFi)
  2246 | D:4      | Noticed Blork the orc
  2448 | D:3      | Killed from afar by Blork the orc

Vault maps used:
D:1:      saegor_arrival_simple_d, serial_bayou_pond_c, minmay_crystal_room
D:3:      lemuel_round_altar, ecumenical_altar_1, nrook_mini_vaults
D:4:      lemuel_round_altar, kennysheep_mini, temple_statues, serial_shops,
          nicolae_shop_waterfront, first_bread, uniq_blork_the_orc

Skill      XL: |  1  2  3  4 |
---------------+-------------+-----
Dodging        | 1 |  1.9
Armour         | 4 |  4.2
Fighting       | 4 |  4.1
Shields        | 4 |  4.2
Maces & Flails | |  2.5
Stealth        | |  0.2

Action                   |  1- 3 |  4- 6 || total
-------------------------+-------+-------++-------
Melee: Flail             |   131 |   151 ||   282
  Use: Scroll            |     2 |     7 ||     9
       Potion            |     3 |     1 ||     4
  Eat: Bread ration      |     1 |     1 ||     2
